 Dungeon Crawl Stone Soup version 0.30-a0-341-g682706514a (webtiles) character file.

Game seed: 12503140659687237275

223 tilp the Grave Robber (level 5, 0/41 HPs)
             Began as a Mummy Necromancer on Nov 3, 2022.
             Slain by an orc
             ... wielding a +0 hand axe
              (3 damage)
             ... on level 3 of the Dungeon.
             The game lasted 00:05:23 (3278 turns).

tilp the Grave Robber (Mummy Necromancer)           Turns: 3278, Time: 00:05:23

Health: 0/41       AC:  4    Str: 11    XL:     5   Next: 66%
Magic:  0/9        EV: 12    Int: 17    God:
Gold:   137        SH:  0    Dex: 12    Spells: 6/10 levels left

rFire   . . .      SeeInvis .    a - staff of fire
rCold   + . .      Faith    +    (no shield)
rNeg    + + +      Spirit   .    c - +0 robe
rPois   ∞          Reflect  .    (no helmet)
rElec   .          Harm     .    g - +0 cloak
rCorr   .          Rampage  .    (no gloves)
Will    .....                    i - +0 pair of boots
Stlth   ++........               (no amulet)
HPRegen 0.26/turn                (no ring)
MPRegen 0.11/turn                (no ring)

@: no status effects
A: cold resistance 1, negative energy resistance 3, torment resistance 2, heat
vulnerability 1, in touch with death 1, no potions, faith
a: no special abilities


You were on level 3 of the Dungeon.
You visited 1 branch of the dungeon, and saw 3 of its levels.

You collected 137 gold pieces.

Inventory:

Hand Weapons
 b - a +1 short sword
Missiles
 e - 25 stones (quivered)
 f - 6 javelins
Armour
 c - a +0 robe (worn)
 g - a +0 cloak (worn)
 i - a +0 pair of boots (worn)
Magical Staves
 a - a staff of fire (weapon)
Jewellery
 d - a ring of ice
Scrolls
 h - 2 scrolls of teleportation {unknown}


   Skills:
 * Level 3.5 Fighting
 - Level 2.0 Dodging
 - Level 2.0 Stealth
 - Level 3.0 Spellcasting
 * Level 5.4 Necromancy


You had 6 spell levels left.
You knew the following spells:

 Your Spells              Type           Power      Damage    Failure   Level
a - Necrotise             Necr           100%       1d9       1%          1
b - Vampiric Draining     Necr           31%        2d8       5%          3

Your spell library contained the following spells:

 Spells                   Type           Power      Damage    Failure   Level
 Animate Dead             Necr           31%        N/A       19%         4
 Agony                    Necr           31%        N/A       45%         5


Dungeon Overview and Level Annotations

Branches:
Dungeon (3/15)

Altars:
Makhleb
Uskayaw


Innate Abilities, Weirdness & Mutations

You are immune to poison.
Your flesh is cold resistant. (rC+)
You are immune to negative energy. (rN+++)
You are immune to unholy pain and torment.
You are vulnerable to heat. (rF-)
You are in touch with the powers of death.
You do not drink.
You have a special connection with the divine. (Faith)


Message History

You barely miss the orc wizard.
The orc wizard is severely wounded.
You hit the orc wizard but do no damage.
The orc wizard is severely wounded.
The orc wizard hits you but does no damage.
You hit the orc wizard but do no damage.
The orc wizard is severely wounded.
The orc throws a boomerang.
The boomerang misses you.
The orc wizard gestures at you while chanting.
The magic dart hits you!
* * * LOW HITPOINT WARNING * * *
Casting: Necrotise (safe; 1% risk of failure)
Confirm with . or Enter, or press ? or * to list all spells.
Aiming: Necrotise (safe; 1% risk of failure)
Press: ? - help, Shift-Dir - straight line, f/p - orc wizard
Aim: an orc wizard, wielding a +0 dagger and wearing a +0 robe (severely wounded, chance to affect: 83%)
You feel a surge of power!
The orc wizard barely resists.
The orc wizard barely misses you. The orc hits you with a +0 hand axe.
* * * LOW HITPOINT WARNING * * *
Unknown command.
Unknown command.
Unknown command.
You hit the orc wizard but do no damage.
The orc wizard is severely wounded.
The orc wizard closely misses you. The orc hits you with a +0 hand axe.
* * * LOW HITPOINT WARNING * * *
Unknown command.
Unknown command.
You hit the orc wizard.
The orc wizard is almost dead.
The orc wizard hits you with a +0 dagger.
* * * LOW HITPOINT WARNING * * *
The orc closely misses you.
Unknown command.
Unknown command.
Unknown command.
You barely miss the orc wizard.
The orc wizard is almost dead.
The orc wizard barely misses you. The orc hits you with a +0 hand axe.
You die...

### #......... ...
........... #..
###.#####..
#.#.########.###....
#.#.#............#..
#.#.#.####.#..##.#..
#.............##.#.#
#[#.........#.##.#.#
#.#@o..##...#.##.#<#
#.#o#..##...#.##.#.#
#.).#..##...#.##.#.#
#.#....##...#.##.#.#
#.####.##........#.#
#. ##.###..#.####.#
#o ................
#. ######.######.#
#. #.# #..


You could see an orc wizard and an orc.

Vanquished Creatures
  A jelly (D:3)
  An orc priest (D:3)
  An orc wizard (D:2)
  4 adders
  3 worms
  3 dart slugs
  4 orcs
  4 bats
  8 endoplasms
  7 giant cockroaches
  7 goblins
  6 hobgoblins
  4 jackals (D:3)
  A quokka (D:2)
  7 ball pythons
  5 frilled lizards
  7 kobolds
  6 rats
79 creatures vanquished.

Vanquished Creatures (collateral kills)
  A goblin (D:1)
  A ball python (D:3)
  2 kobolds (D:1)
  A rat (D:1)
5 creatures vanquished.

Grand Total: 84 creatures vanquished

Notes
Turn   | Place    | Note
-------+----------+-------------------------------------------
     0 | D:1      | tilp the Mummy Necromancer began the quest for the Orb.
     0 | D:1      | Reached XP level 1. HP: 13/13 MP: 4/4
   293 | D:1      | Reached XP level 2. HP: 20/20 MP: 3/5
   360 | D:1      | Reached skill level 1 in Fighting
   967 | D:1      | Gained mutation: You are in touch with the powers of death.
                  | [Mummy growth]
   967 | D:1      | Reached XP level 3. HP: 26/26 MP: 0/7
   971 | D:1      | Learned a level 3 spell: Vampiric Draining
  1516 | D:2      | Reached XP level 4. HP: 33/33 MP: 3/8
  2223 | D:3      | Found a burning altar of Makhleb.
  2536 | D:3      | Reached skill level 5 in Necromancy
  2536 | D:3      | Reached XP level 5. HP: 28/41 MP: 2/9
  2777 | D:3      | Found a hide-covered altar of Uskayaw.
  3047 | D:3      | Found a faded altar of an unknown god.
  3278 | D:3      | Slain by an orc

Illustrated notes

Levels and vault maps discovered:
D:1:      minmay_arrival_open_corners, layout_basic
D:2:      layout_basic
D:3:      layout_basic, mainiacjoe_overflow_brackets, lemuel_crystal_altar,
          hellmonk_ecumenical_altar_crossroads

Skill      XL: |  1  2  3  4 |
---------------+-------------+-----
Fighting       | 1 2 3 |  3.5
Stealth        | 2 |  2.0
Spellcasting   | 3 |  3.0
Dodging        | 2 |  2.0
Necromancy     | 5 |  5.4

Action                   |  1- 3 |  4- 6 || total
-------------------------+-------+-------++-------
Melee: Unarmed           |     1 |       ||     1
       Short sword       |    10 |       ||    10
       Staff             |       |    18 ||    18
 Cast: Necrotise         |    65 |    72 ||   137
       Vampiric Draining |       |     6 ||     6
  Use: Scroll            |       |     3 ||     3
 Stab: Sleeping          |     1 |       ||     1
Armor: Robe              |     5 |     7 ||    12
Dodge: Dodged            |    16 |    21 ||    37

Table legend: (Time is in decaauts)
 A = Elapsed time spent in this place.
 B = Non-inter-level travel time spent in this place.
 C = Inter-level travel time spent in this place.
 D = Time resting spent in this place.
 E = Time spent auto-exploring this place.
 F = Levels seen in this place.
 G = Mean time per level.
                   A        B        C        D        E       F      G
               +--------+--------+--------+--------+--------+-----+--------+
         Total |   3278 |   3214 |     64 |    362 |   2358 |   3 | 1092.7 |
       Dungeon |   3278 |   3214 |     64 |    362 |   2358 |   3 | 1092.7 |
               +--------+--------+--------+--------+--------+-----+--------+

Top non-repeatable levels by time:
     D:1: 1379 daAuts
     D:3: 1056 daAuts
     D:2: 843 daAuts
